Map: 버밀리언의 특종

Players

테라진

  • Race: Zerg Zerg
  • Spawn Location: 11:00

Nova

  • Race: Terran Terran
  • Spawn Location: 11:00

VOD

Have the link to the VOD?

Description

Time

  • Played on: Sept. 18, 2017, 8:13 a.m.
  • Length: 22:50
Show
View Real Time Build Order
Export as new Build Order

테라진 Zerg 

Build Orders:  

Get SALT Encoding   

  6  0:09  Drone x2  
  7  0:19  Drone x2  
  8  0:27  Drone x2  
  9  0:39  Drone x2  
  10  0:49  Drone x2  
  11  0:54  Drone x2  
  12  1:01  Drone x2  
  12  1:08  Drone x2  
  14  1:14  Extractor  
  14  1:16  Extractor  
  13  1:22  Drone x2  
  14  1:41  Spawning Pool  
  14  1:48  Overlord  
  13  2:03  Centrifical Hooks  
  13  2:16  Baneling Nest  
  13  2:20  Drone x2  
  13  2:21  Drone x2  
  13  2:28  Overlord  
  15  2:33  Metabolic Boost  
  15  2:35  Drone x2  
  16  2:45  Drone x2  
  17  3:01  Evolution Chamber  
  16  3:16  Drone x2  
  16  3:19  Overlord  
  19  3:38  Lair  
  19  3:44  Heroic Fortitude  
  21  3:50  Overlord  
  23  4:27  Swarmling x18  
  32  4:41  Swarmling x3  
  36  4:59  Medusa Blades  
  32  5:12  Swarmling x9  
  36  5:39  Hatchery  
  37  5:51  Extractor x2  
  36  6:09  Evolution Chamber  
  38  6:28  Hive  
  36  6:30  Hardened Carapace  
  36  6:42  Drone x2  
  39  6:53  Drone x2  
  40  7:01  Drone x2  
  41  7:11  Drone x2  
  44  7:22  Drone x2  
  45  7:33  Adrenal Overload  
  45  7:34  Scourge Nest  
  45  7:37  Drone x2  
  46  7:51  Drone x2  
  46  7:57  Baneling Nest  
  44  8:10  Drone x2  
  44  8:11  Drone x2  
  44  8:14  Zerg Ground Armor Level 1, Zerg Melee Weapons Level 1  
  46  8:33  Shredding Claws, Drone x4  
  46  8:39  Hatchery, Corrosive Acid  
  48  8:46  Drone x4  
  48  8:48  Hatchery  
  49  8:51  Simplified Genome  
  35  9:33  Hatchery  
  35  9:38  Hatchery  
  32  9:47  Roach x12  
  32  9:48  Roach x8  
  26  9:51  Virulent Spores  
  27  10:09  Rupture  
  27  10:10  Swarmling x12  
  27  10:11  Swarmling x18  
  43  10:51  Zerg Flyer Weapons Level 1  
  43  10:54  Zerg Melee Weapons Level 2  
  43  10:55  Zerg Ground Armor Level 2  
  44  11:07  Pneumatized Carapace  
  44  11:10  Overlord x2  
  44  11:11  Overlord x3  
  46  11:33  Overlord x4  
  46  11:34  Overlord x2  
  46  11:41  Overseer x2  
  46  11:59  Swarmling x3  
  57  12:00  Swarmling x21  
  60  12:18  Aberration x3  
  67  12:30  Scourge x10  
  67  12:31  Scourge x4  
  74  12:42  Scourge x6  
  77  12:56  Scourge x10  
  77  12:57  Scourge x2  
  79  13:02  Overlord x2  
  79  13:03  Overlord x2  
  64  13:17  Scourge x14  
  64  13:18  Scourge x6  
  67  14:18  Zerg Ground Armor Level 3, Zerg Melee Weapons Level 3  
  67  14:19  Zerg Flyer Weapons Level 2  
  67  14:22  Scourge x6  
  67  14:23  Scourge x4  
  67  14:28  Roach x14  
  67  14:29  Roach x6  
  74  14:41  Swarmling x24  
  74  14:42  Aberration, Swarmling x21  
  97  15:14  Overlord x2  
  97  15:17  Overseer  
  97  15:18  Overseer x2  
  90  15:51  Swarmling x12  
  90  15:52  Swarmling x6  
  97  16:09  Swarmling x21  
  92  16:24  Aberration  
  96  16:42  Scourge x2  
  96  16:43  Scourge x4  
  89  17:15  Scourge x20  
  89  17:16  Scourge x18  
  73  17:21  Scourge x10  
  73  17:22  Scourge x12  
  78  17:32  Roach x10  
  78  17:33  Roach x10  
  82  18:47  Swarmling x21  
  82  18:48  Swarmling x12  
  87  19:06  Swarmling x24  
  87  19:07  Swarmling x12  
  92  19:51  Swarmling x15  
  58  21:20  Roach x4  
  58  21:21  Roach x12  
  58  21:22  Roach x4  
Show
View Real Time Build Order
Export as new Build Order

Nova Terran 

Build Orders:  

Get SALT Encoding   

Tags
 
Add a new tag
Caveats
  • Supply blocks, unpowered buildings, or Contaminate may cause inaccurate times.
  • Supply counts are checked every 10 seconds.